 Dungeon Crawl Stone Soup version 0.17.2-1-ge4368a0 (webtiles) character file.

83 Goblin1989 the Cudgeler (level 4, -1/34 HPs)
             Began as a Demonspawn Warper on Dec 7, 2016.
             Slain by a giant frog zombie (3 damage)
             ... on level 6 of the Dungeon.
             The game lasted 00:09:07 (1041 turns).

Goblin1989 the Cudgeler (Demonspawn Warper)         Turns: 1041, Time: 00:09:07

Health: -1/34      AC:  9    Str: 12    XL:     4   Next: 22%
Magic:  7/7        EV:  6    Int: 15    God:
Gold:   52         SH:  7    Dex: 12    Spells: 2 memorised, 4 levels left

rFire  . . .     SeeInvis .     y - +0 flail
rCold  . . .     Clarity  .     r - +0 scale mail
rNeg   . . .     SustAt   .     q - +0 shield
rPois  .         Gourm    .     (no helmet)
rElec  .         Spirit   .     (no cloak)
rCorr  .         Warding  .     (no gloves)
rMut   .         Stasis   .     x - +1 pair of boots
MR     .....                    (no amulet)
Stlth  ..........               (no ring)
                                (no ring)

@: invisible, not resistant to hostile enchantments, extremely unstealthy
A: molten scales 1, powered by pain 2
a: no special abilities


You were on level 6 of the Dungeon.
You were not hungry.

You visited 1 branch of the dungeon, and saw 6 of its levels.

You collected 52 gold pieces.

Inventory:

Hand Weapons
 a - a +0 mace
 y - a +0 flail (weapon)
Missiles
 l - 5 tomahawks (quivered)
Armour
 j - a +0 chain mail
 q - a +0 shield (worn)
 r - a +0 scale mail (worn)
 v - a +0 plate armour
 x - a +1 pair of boots (worn)
Scrolls
 d - 2 scrolls of noise {unknown}
 g - 2 scrolls of amnesia {unknown}
 h - 2 scrolls of remove curse {unknown}
 i - a scroll of magic mapping {unknown}
 k - a scroll of teleportation {unknown}
 p - a scroll of fog {unknown}
 B - a scroll of blinking
Potions
 b - a potion of flight {unknown}
 m - a potion of degeneration {unknown}
 n - a potion of ambrosia {unknown}
 o - a potion of invisibility
 u - a potion of haste {unknown}
Books
 c - a book of Spatial Translocations

   Spells                             Type                      Level
   a - Apportation                    Translocation                1
   b - Blink                          Translocation                2
   c - Shroud of Golubria             Charms/Translocation         2
   d - Portal Projectile              Translocation                3
   e - Teleport Other                 Translocation                3
   f - Passage of Golubria            Translocation                4
Comestibles
 f - 4 bread rations {@e1}
 s - a meat ration {@e2}
 t - a slice of pizza
 w - 2 fruits


   Skills:
 + Level 2.4 Fighting
 * Level 3.5 Maces & Flails
 - Level 0.8 Throwing
 + Level 1.3 Armour
 - Level 1.7 Dodging
 + Level 0.6 Shields
 - Level 2.0 Spellcasting
 - Level 2.6 Translocations


You had 4 spell levels left.
You knew the following spells:

 Your Spells              Type           Power        Failure   Level  Hunger
h - Shroud of Golubria    Chrm/Tloc      #.........   100%        2    ###....
o - Apportation           Tloc           #.........   100%        1    #......


Dungeon Overview and Level Annotations

Branches:
Dungeon (6/15)
 Temple: D:4-7

Altars:
The Shining One


Innate Abilities, Weirdness & Mutations

You are partially covered in molten scales (AC +1).
You sometimes gain power by taking damage.


Message History

* * * LOW HITPOINT WARNING * * *
The giant frog zombie closely misses you.
You take 3 damage, and have 7/34 hp.
Fire/throw which item? (* to show all) (? for menu, Esc to quit)
Press: ? - help, Shift-Dir - straight line, f/p - giant frog zombie
Aim: a giant frog zombie You throw a tomahawk of dispersal.
The tomahawk of dispersal hits the giant frog zombie but does no damage.
The giant frog zombie hits you.
* * * LOW HITPOINT WARNING * * *
You take 5 damage, and have 2/34 hp.
Fire/throw which item? (* to show all) (? for menu, Esc to quit)
You don't have any such object.
Fire/throw which item? (* to show all) (? for menu, Esc to quit)
Okay, then.
Drink which item? (? for menu, Esc to quit)
It was a potion of invisibility.
You fade into invisibility!
The giant frog zombie hits you.
You die...

█..........█.█
█..........█.█
█............█
█.............
█............█
██.[.........>.
............█


█████████Z█ █......<█@███.█ █.......(.....█ █.........█████ █.█████████ █ You
could see a giant frog zombie.

Vanquished Creatures
  An orc wizard (D:3)
  2 adders (D:2)
  A giant gecko (D:2)
  2 orcs (D:3)
  A ball python (D:2)
  2 giant cockroaches
  4 hobgoblins
  A quokka (D:2)
  A bat (D:2)
  3 giant newts
  5 goblins
  5 kobolds
  8 rats
36 creatures vanquished.

Notes
Turn   | Place    | Note
--------------------------------------------------------------
     0 | D:1      | Goblin1989 the Demonspawn Warper began the quest for the Orb.
     0 | D:1      | Reached XP level 1. HP: 16/16 MP: 3/3
   263 | D:2      | Gained mutation: You are partially covered in molten scales (AC +1). [demonic ancestry]
   263 | D:2      | Reached XP level 2. HP: 20/22 MP: 5/5
   353 | D:2      | Reached skill level 3 in Maces & Flails
   428 | D:2      | Gained mutation: You sometimes gain a little power by taking damage. [demonic ancestry]
   428 | D:2      | Reached XP level 3. HP: 19/27 MP: 6/6
   432 | D:2      | Learned a level 2 spell: Shroud of Golubria
   454 | D:2      | Reached skill level 1 in Armour
   692 | D:3      | Gained mutation: You sometimes gain power by taking damage. [demonic ancestry]
   692 | D:3      | Reached XP level 4. HP: 8/34 MP: 7/7
   981 | D:4      | Found a glowing golden altar of the Shining One.
   994 | D:5      | Entered Level 5 of the Dungeon
  1041 | D:6      | Slain by a giant frog zombie

Action                   |  1- 3 |  4- 6 || total
-------------------------+-------+-------++-------
Melee: Mace              |   119 |     9 ||   128
       Flail             |       |    14 ||    14
Throw: Tomahawk          |     9 |     2 ||    11
  Use: Potion            |       |     1 ||     1
  Eat: Chunk             |       |     1 ||     1

Vault maps used:
D:1:      ncdulo_watergridlock
D:2:      ecumenical_altar_1
D:3:      nicolae_overflow_hidden_temple, uniq_iyjb
D:4:      tso_oasis_becter, serial_shops, nicolae_shop_trees,
          nicolae_dithmenos_through_a_glass_darkly
D:5:      gammafunk_temple_overflow_forgotten, temple_doors_e, first_bread,
          serial_shops, nicolae_shop_waterfront, kennysheep_generic_room_14
D:6:      makhleb_blood_cavern_becter, lemuel_coloured_pillars_altar
